 Dungeon Crawl Stone Soup version 0.32-a0-961-gd60f5e5fc7 (webtiles) character file.

Game seed: 2839753653967557123

161 Anchor the Chopper (level 5, -5/38 HPs)
             Began as a Vampire Gladiator on Apr 18, 2024.
             Was an Initiate of Yredelemnul.
             Slain by a +2 heavy dire flail (24 damage)
             ... created by the rancor of the Wu Jian Council
             ... on level 3 of the Dungeon.
             The game lasted 00:12:11 (2187 turns).

Anchor the Chopper (Vampire Gladiator)              Turns: 2187, Time: 00:12:14

Health: -5/38      AC:  3    Str: 13    XL:     5   Next: 19%
Magic:  5/5        EV: 12    Int: 12    God:    Yredelemnul [......]
Gold:   320        SH:  0    Dex: 16    Spells: 4/4 levels left

rFire   . . .        a - +1 war axe
rCold   . . .        (no shield)
rNeg    . . .        g - +0 robe
rPois   .            c - +0 helmet
rElec   .            (no cloak)
rCorr   .            (no gloves)
SInv    +            (no boots)
Will    .....        (no amulet)
Stlth   ++           (no ring)
HPRegen 0.46/turn    (no ring)
MPRegen 0.09/turn

%: no passive effects
@: healing quickly, slowed, wreathed by umbra, very slow
A: alive, fangs 3, see invisible, vampiric 2
a: Exsanguinate, Renounce Religion, Light the Black Torch, Recall Undead Harvest


You were on level 3 of the Dungeon.
You worshipped Yredelemnul.
Yredelemnul was noncommittal.
You visited 1 branch of the dungeon, and saw 3 of its levels.

You collected 320 gold pieces.

Inventory:

Hand Weapons
 a - a +1 war axe (weapon)
Missiles
 d - 5 throwing nets (quivered)
 e - a javelin
Armour
 b - a +1 leather armour
 c - a +0 helmet (worn)
 g - a +0 robe (worn)
Scrolls
 f - 3 scrolls of blinking {unknown}
 i - 2 scrolls of fog
 l - a scroll of amnesia
 n - 4 scrolls of immolation {unknown}
Potions
 h - 2 potions of invisibility {unknown}
 j - a potion of brilliance {unknown}
 k - a potion of resistance {unknown}
 m - a potion of lignification {unknown}


   Skills:
 + Level 2.2 Fighting
 + Level 4.7 Axes
 + Level 1.6 Throwing
 + Level 1.0 Armour
 + Level 3.7 Dodging
 + Level 0.1 Stealth


You had 4 spell levels left.
You didn't know any spells.
Your spell library contained the following spells:

 Spells                   Type           Power      Damage    Failure   Level
 Freeze                   Ice            0%         1d3       32%         1
 Blink                    Tloc           0%         N/A       45%         2
 Ensorcelled Hibernation  Hex/Ice        0%         N/A       45%         2
 Lesser Beckoning         Tloc           0%         N/A       45%         2
 Momentum Strike          Conj/Tloc      0%         3d8       45%         2
 Scorch                   Fire           0%         2d5       45%         2
 Frozen Ramparts          Ice            0%         1d1       69%         3
 Fugue of the Fallen      Necr           0%         N/A       69%         3
 Hailstorm                Conj/Ice       0%         3d5       69%         3
 Anguish                  Hex/Necr       0%         N/A       97%         4
 Flame Wave               Conj/Fire      0%         2d4       97%         4
 Summon Cactus Giant      Summ           0%         N/A       100%        6


Dungeon Overview and Level Annotations

Branches:
Dungeon (3/15)

Altars:
Ashenzari
Wu Jian
Yredelemnul

Shops:
D:1 [   D:2 *


Innate Abilities, Weirdness & Mutations

Your natural rate of healing is accelerated.
You have razor-sharp teeth.
You have supernaturally acute eyesight. (SInv)
You are afflicted with vampirism and can become a bat while bloodless.


Message History

You swap places.
You swap places.
You see here a +0 dagger.
Sifu Ma Yunglu whispers: Nowhere to run...
You feel yourself slow down.
The divine experience drains your vigour!
You feel as though you will be slow longer. 5 dancing weapons come into view.
There is a +3 rapier of speed.
There is a +0 quarterstaff of speed.
There is a +2 rapier of freezing.
There is a +2 heavy dire flail.
There is a +0 glaive of electrocution.
You hit the +0 quarterstaff of speed. You bite the +0 quarterstaff of speed.
The +0 quarterstaff of speed is heavily damaged.
You hit the +0 glaive of electrocution but do no damage.
Your kobold zombie hits the +2 heavy dire flail but does no damage.
Your giant cockroach zombie bites the +0 glaive of electrocution but does no damage.
Your kobold zombie hits the +2 heavy dire flail but does no damage.
You hit the +0 quarterstaff of speed.
You destroy the +0 quarterstaff of speed!
That felt strangely unrewarding.
You barely miss the +0 glaive of electrocution.
The +2 heavy dire flail hits your giant cockroach zombie!
Your giant cockroach zombie bites the +2 heavy dire flail but does no damage.
The +0 glaive of electrocution hits you!
The +3 rapier of speed hits you.
Your kobold zombie barely misses the +2 heavy dire flail.
Your giant cockroach zombie bites the +2 heavy dire flail.
The +3 rapier of speed closely misses you.
The +2 heavy dire flail hits your giant cockroach zombie.
Your giant cockroach zombie is destroyed!
The +0 glaive of electrocution hits you.
The +3 rapier of speed misses you.
Your kobold zombie barely misses the +2 heavy dire flail.
You slash the +3 rapier of speed!
You destroy the +3 rapier of speed!
That felt strangely unrewarding.
You hit the +0 glaive of electrocution.
The +0 glaive of electrocution misses you.
The +2 rapier of freezing hits you but does no damage.
The +2 heavy dire flail hits you!!
Ouch! That really hurt!
You die...
Your body rises from the dead as a mindless zombie.

##########
#(@(......
#(##..#.#.......
#.# ...........
#Z# .##.......
#.# .#.......
#.#######.....
#..Z....#...
#######)#.###+#
### #.Z.....#.#
#..


You could see 3 dancing weapons and a friendly kobold zombie.

Vanquished Creatures
  2 dancing weapons (D:3)
  A jelly (D:3)
  3 gnolls (D:2)
  3 adders
  A ribbon worm (D:2)
  2 dart slugs
  8 endoplasms
  5 giant cockroaches
  A goblin (D:1)
  A hobgoblin (D:1)
  11 jackals
  3 quokkas
  5 ball pythons
  5 bats
  8 frilled lizards
  6 kobolds
  7 rats
72 creatures vanquished.

Vanquished Creatures (others)
  A giant cockroach zombie (D:3)
1 creature vanquished.

Grand Total: 73 creatures vanquished

Notes
Turn   | Place    | Note
-------+----------+-------------------------------------------
     0 | D:1      | Anchor the Vampire Gladiator began the quest for the Orb.
     0 | D:1      | Reached XP level 1. HP: 16/16 MP: 1/1
   111 | D:1      | Reached skill level 3 in Axes
   111 | D:1      | Reached XP level 2. HP: 22/22 MP: 2/2
   131 | D:1      | Found Quf Asew's Armour Emporium.
   462 | D:1      | Gained mutation: You are afflicted with vampirism and can
                  | become a bat while bloodless. [Vampire growth]
   462 | D:1      | Reached XP level 3. HP: 27/27 MP: 3/3
   905 | D:2      | Reached XP level 4. HP: 32/33 MP: 4/4
   956 | D:2      | Found Naff's General Store.
  1185 | D:2      | Learned a level 2 spell: Ensorcelled Hibernation
  1188 | D:2      | Reached skill level 4 in Axes
  1671 | D:3      | Found a faded altar of an unknown god.
  1685 | D:3      | Reached skill level 1 in Armour
  1685 | D:3      | Reached XP level 5. HP: 36/38 MP: 5/5
  1708 | D:3      | Prayed at the altar of an unknown god.
  1708 | D:3      | Became a worshipper of the Wu Jian Council
  1708 | D:3      | Reached * piety under Wu Jian
  2059 | D:3      | Found a basalt altar of Yredelemnul.
  2066 | D:3      | Fell from the grace of Wu Jian
  2066 | D:3      | Became a worshipper of Yredelemnul the Fallen
  2104 | D:3      | Found a broken altar of Ashenzari.
  2185 | D:3      | Noticed a +3 rapier of speed
  2185 | D:3      | Noticed a +0 quarterstaff of speed
  2185 | D:3      | Noticed a +2 rapier of freezing
  2185 | D:3      | Noticed a +2 heavy dire flail
  2185 | D:3      | Noticed a +0 glaive of electrocution
  2186 | D:3      | Killed a +0 quarterstaff of speed
  2187 | D:3      | Killed a +3 rapier of speed
  2187 | D:3      | Slain by a +2 heavy dire flail

Illustrated notes

Levels and vault maps discovered:
D:1:      dpeg_arrival_three_same_balls, layout_rooms, serial_shops,
          nicolae_shop_hallway_stairs, minmay_gold_behind_fungi,
          serial_park_tiny_2, serial_bayou_pond_b
D:2:      layout_loops_cross, serial_shops, shop
D:3:      layout_basic, mainiacjoe_overflow_two_lobes,
          ebering_ecumenical_altar_ruins, hangedman_decor_diamond_cutter,
          palyth_stone_intersect

Skill      XL: |  1  2  3  4 |
---------------+-------------+-----
Axes           | 3 4 |  4.7
Fighting       | 2 |  2.2
Armour         | 1 |  1.0
Throwing       | |  1.6
Dodging        | |  3.7
Stealth        | |  0.1

Action                     |  1- 3 |  4- 6 || total
---------------------------+-------+-------++-------
  Melee: War axe           |   105 |    63 ||   168
         Bite              |     8 |     5 ||    13
   Cast: Ensorcelled Hiber |       |     1 ||     1
Ability: Lunge             |       |     1 ||     1
    Use: Scroll            |       |     5 ||     5
   Stab: Sleeping          |       |     4 ||     4
 Armour: Leather armour    |    87 |    11 ||    98
         Robe              |       |    27 ||    27
  Dodge: Dodged            |   105 |    46 ||   151

Table legend: (Time is in decaauts)
 A = Elapsed time spent in this place.
 B = Non-inter-level travel time spent in this place.
 C = Inter-level travel time spent in this place.
 D = Time resting spent in this place.
 E = Time spent auto-exploring this place.
 F = Levels seen in this place.
 G = Mean time per level.
                   A        B        C        D        E       F      G
               +--------+--------+--------+--------+--------+-----+--------+
         Total |   2244 |   2149 |     95 |      0 |   1555 |   3 |  748.0 |
       Dungeon |   2244 |   2149 |     95 |      0 |   1555 |   3 |  748.0 |
               +--------+--------+--------+--------+--------+-----+--------+

Top non-repeatable levels by time:
     D:2: 783 daAuts
     D:1: 756 daAuts
     D:3: 704 daAuts
